 Dungeon Crawl Stone Soup version 0.21-a0-49-g7bf2ba4 (webtiles) character file.

144 HAL9000 the Skirmisher (level 5, -1/54 HPs)
             Began as an Ogre Hunter on June 6, 2017.
             Slain by Natasha (7 damage)
             ... on level 3 of the Dungeon on June 9, 2017.
             The game lasted 00:06:04 (3126 turns).

HAL9000 the Skirmisher (Ogre Hunter)                Turns: 3126, Time: 00:06:05

Health: -1/54      AC:  5    Str: 17    XL:     5   Next: 26%
Magic:  5/5        EV: 15    Int: 14    God:
Gold:   139        SH:  0    Dex: 14    Spells: 4/4 levels left

rFire    . . .     SeeInvis .   i - +0 whip
rCold    . . .     Gourm    .   (no shield)
rNeg     . . .     Faith    .   b - +0 robe
rPois    +         Spirit   .   k - +1 hat
rElec    .         Reflect  .   l - +0 cloak
rCorr    .         Harm     .   (gloves unavailable)
MR       .....                  (boots unavailable)
Stlth    +++.......             (no amulet)
Regen    0.2/turn               q - ring of poison resistance
MPRegen  0.1/turn               v - +2 ring of intelligence

@: agile, very slightly contaminated, slowed, invisible (expiring), very slow
A: unfitting armour, tough skin 1
a: no special abilities


You were on level 3 of the Dungeon.
You were not hungry.

You visited 1 branch of the dungeon, and saw 3 of its levels.

You collected 139 gold pieces.

Inventory:

Hand Weapons
 i - a +0 whip (weapon)
Missiles
 d - 2 throwing nets (quivered)
Armour
 b - a +0 robe (worn)
 k - a +1 hat (worn)
 l - a +0 cloak (worn)
Jewellery
 q - a ring of poison resistance (left hand)
 v - a +2 ring of intelligence (right hand)
Scrolls
 j - a scroll of noise {unknown}
 n - 2 scrolls of recharging {unknown}
 o - a scroll of blinking {unknown}
 r - a scroll of immolation {unknown}
 t - 2 scrolls of enchant armour {unknown}
Potions
 p - 3 potions of agility
 s - 2 potions of invisibility
 u - a potion of curing {unknown}
Comestibles
 f - 3 bread rations
 g - 2 meat rations
 m - 3 fruits
 w - 2 chunks of flesh


   Skills:
 - Level 4.1 Fighting
 + Level 3.6 Maces & Flails
 - Level 4.0 Throwing
 - Level 1.7 Dodging
 - Level 0.6 Stealth


You had 4 spell levels left.
You didn't know any spells.

Dungeon Overview and Level Annotations

Branches:
Dungeon (3/15)

Altars:

Annotations:
D:3 Natasha; roguesci's ghost, amateur NaTm


Innate Abilities, Weirdness & Mutations

You are too large for most types of armour.
You have tough skin. (AC +1)


Message History

You kill the orc!
Unknown command.
The white imp disappears for a moment.
The white imp gestures at something.
Natasha closely misses you.
You flicker for a moment.
Natasha claws you.
* * * LOW HITPOINT WARNING * * *
Throwing (i - inventory. (,) - cycle):
c - a large rock (quivered)
Press: ? - help, Shift-Dir - straight line, f - Natasha
Aim: Natasha You throw a large rock.
The large rock hits Natasha!
Natasha is almost dead.
Natasha closely misses you.
Natasha mumbles some strange words.
You feel disoriented.
Natasha stares at you and mumbles some strange words.
You feel as though you will be slow longer.
Natasha claws you!
You die...

#. #.# #..
#.########..
#..#.......#
#..)# #..##
#####.##
#..@h.#
#.#####.###5##
#....<..# #..#
##..##### ##.#
#. #5### #
#...## ###..#
### ##)# ...
#รท# ###.#


You could see Natasha and a white imp (wandering).

Vanquished Creatures
  Natasha (twice) (D:3)
  3 adders (D:3)
  An ooze (D:1)
  2 worms
  2 dart slugs
  An orc (D:3)
  A ball python (D:1)
  2 giant cockroaches (D:1)
  3 goblins
  6 hobgoblins
  3 jackals
  A ball python zombie (D:1)
  7 bats
  7 frilled lizards
  9 kobolds
  A quokka zombie (D:1)
  8 rats
59 creatures vanquished.

Notes
Turn   | Place    | Note
-------+----------+-------------------------------------------
     0 | D:1      | HAL9000 the Ogre Hunter began the quest for the Orb.
     0 | D:1      | Reached XP level 1. HP: 22/22 MP: 1/1
   108 | D:1      | Reached XP level 2. HP: 6/32 MP: 2/2
   476 | D:1      | Reached XP level 3. HP: 30/39 MP: 3/3
   551 | D:1      | Reached skill level 1 in Maces & Flails
   739 | D:1      | Upgraded the game from 0.21-a0-43-g1479571 to 0.21-a0-49-g7bf2ba4
  2248 | D:2      | Reached XP level 4. HP: 47/48 MP: 4/4
  2289 | D:3      | Noticed Natasha
  2432 | D:3      | Killed Natasha
  2457 | D:3      | Noticed roguesci's ghost (amateur NaTm)
  2762 | D:3      | HP: 2/48 [poisoned by an adder]
  3079 | D:3      | Noticed Natasha
  3103 | D:3      | Killed Natasha
  3103 | D:3      | Reached XP level 5. HP: 14/54 MP: 5/5
  3108 | D:3      | Noticed Natasha
  3126 | D:3      | Slain by Natasha

Vault maps used:
D:1:      saegor_arrival_fortress
D:2:      minmay_unequal
D:3:      nicolae_overflow_hidden_temple, old_standard_altar, uniq_natasha

Skill      XL: |  1  2  3  4 |
---------------+-------------+-----
Fighting       | 3 4 |  4.1
Maces & Flails | 2 3 |  3.6
Throwing       | |  4.0
Dodging        | |  1.7
Stealth        | |  0.6

Action                   |  1- 3 |  4- 6 || total
-------------------------+-------+-------++-------
Melee: Short sword       |    55 |       ||    55
       Whip              |   137 |   100 ||   237
Throw: Large rock        |       |     8 ||     8
  Use: Potion            |       |     2 ||     2
 Stab: Sleeping          |     1 |     1 ||     2
       Invisible         |       |     1 ||     1
  Eat: Chunk             |     4 |     3 ||     7
Armor: Robe              |    79 |    22 ||   101
Dodge: Dodged            |   113 |    58 ||   171
